 Dungeon Crawl Stone Soup version 0.32-a0-41-gec2d92a32c (webtiles) character file.

Game seed: 1798912684369680967

29 Azoth the Shooter (level 3, 0/21 HPs)
             Began as a Deep Elf Hunter on Jan 25, 2024.
             Slain by a +1 spear of the Briny Deep {spect, Str+3} (8 damage)
             ... created by a gnoll
             ... on level 2 of the Dungeon.
             The game lasted 00:01:30 (657 turns).

Azoth the Shooter (Deep Elf Hunter)                  Turns: 657, Time: 00:01:30

Health: 0/21       AC:  5    Str:  8    XL:     3   Next: 1%
Magic:  5/5        EV: 12    Int: 13    God:
Gold:   78         SH:  0    Dex: 20    Spells: 2/2 levels left

rFire   . . .        a - +0 shortbow
rCold   . . .        (shield currently unavailable)
rNeg    . . .        c - +0 leather armour
rPois   .            f - +1 helmet
rElec   .            (no cloak)
rCorr   .            (no gloves)
SInv    .            (no boots)
Will    .....        (no amulet)
Stlth   ++           (no ring)
HPRegen 0.23/turn    (no ring)
MPRegen 0.09/turn

%: no passive effects
@: no status effects
A: no striking features
a: no special abilities


You were on level 2 of the Dungeon.
You visited 1 branch of the dungeon, and saw 2 of its levels.

You collected 78 gold pieces.

Inventory:

Hand Weapons
 a - a +0 shortbow (weapon)
Armour
 c - a +0 leather armour (worn)
 f - a +1 helmet (worn)
Scrolls
 b - a scroll of butterflies
 e - a scroll of poison
Potions
 d - a potion of heal wounds {unknown}
 h - a potion of haste
 i - a potion of lignification
 j - a potion of mutation


   Skills:
 * Level 1.8 Fighting
 + Level 6.2 Ranged Weapons
 + Level 2.6 Dodging
 * Level 1.6 Stealth


You had 2 spell levels left.
You didn't know any spells.
Your spell library was empty.

Dungeon Overview and Level Annotations

Branches:
Dungeon (2/15)

Altars:


Message History

You feel agile. x2
A frilled lizard is nearby!
A frilled lizard is nearby!
You shoot an arrow. The arrow misses the frilled lizard.
You shoot an arrow.
The arrow barely misses the frilled lizard.
You shoot an arrow. The arrow hits the frilled lizard!
You kill the frilled lizard!
No target in view!
Found a stone staircase leading down.
A gnoll comes into view. It is wielding a +0 spear.
A gnoll comes into view.
It is wielding the +1 spear of the Briny Deep {spect, Str+3}.
The gnoll moves out of view.
A gnoll is nearby!
You shoot an arrow. The arrow closely misses the gnoll.
The gnoll shouts!
You hear a shout!
You shoot an arrow. The arrow hits the gnoll.
The gnoll is moderately wounded.
A gnoll comes into view. It is wielding a +0 club.
The gnoll misses you.
The +1 spear of the Briny Deep {spect, Str+3} hits you from afar.
A +1 spear of the Briny Deep {spect, Str+3} comes into view.
You shoot an arrow. The gnoll shouts!
The arrow hits the gnoll.
The gnoll is moderately wounded.
The gnoll closely misses you.
The +1 spear of the Briny Deep {spect, Str+3} hits you.
You shoot an arrow.
The arrow hits the +1 spear of the Briny Deep {spect, Str+3}.
The gnoll shares its spectral weapon's damage!
The +1 spear of the Briny Deep {spect, Str+3} is lightly damaged.
A giant cockroach comes into view.
The gnoll barely misses you.
The +1 spear of the Briny Deep {spect, Str+3} barely misses you.
The gnoll hits you from afar with a +0 spear!
The +1 spear of the Briny Deep {spect, Str+3} disappears.
The gnoll barely misses you.
The +1 spear of the Briny Deep {spect, Str+3} hits you!
You die...

....#†# .....#.#........
......# ####.#.#..######
.....## .......#
.....##+####+#.#....#
.)..##.........#....#
....##.........#....#
...###..............# #
...# #.........#....# .B
..## #......##.#@#..#.#
#.# #......+....(g.g.#
#'####......##.##.g.##...
........................#
.............#.##...#.###
.............#......# ..
.............#.###..# ..
................ .># .
......#.##.#.#.# #.#


You could see a +1 spear of the Briny Deep {spect, Str+3} (wandering) and 3
gnolls.

Vanquished Creatures
  2 ball pythons (D:1)
  2 bats (D:1)
  An endoplasm (D:2)
  2 giant cockroaches
  3 goblins
  2 hobgoblins (D:1)
  3 jackals (D:1)
  A quokka (D:2)
  4 frilled lizards
  3 kobolds
  4 rats (D:1)
27 creatures vanquished.

Notes
Turn   | Place    | Note
-------+----------+-------------------------------------------
     0 | D:1      | Azoth the Deep Elf Hunter began the quest for the Orb.
     0 | D:1      | Reached XP level 1. HP: 12/12 MP: 3/3
    59 | D:1      | Reached XP level 2. HP: 15/17 MP: 4/4
   312 | D:1      | Reached skill level 6 in Ranged Weapons
   632 | D:2      | Reached XP level 3. HP: 21/21 MP: 5/5
   651 | D:2      | Identified the +1 spear of the Briny Deep {spect, Str+3}
   657 | D:2      | Slain by a +1 spear of the Briny Deep {spect, Str+3}

Illustrated notes

Levels and vault maps discovered:
D:1:      nzn_arrival_crosshair, layout_basic
D:2:      minmay_skewed_foursquare, layout_basic, basic_altar,
          minmay_misc_feat_x

Skill      XL: |  1  2 |
---------------+-------+-----
Ranged Weapons | 6 |  6.2
Fighting       | |  1.8
Dodging        | |  2.6
Stealth        | |  1.6

Action                     || total
---------------------------++-------
   Fire: Shortbow          ||    63
    Use: Scroll            ||     6
 Armour: Leather armour    ||     7
  Dodge: Dodged            ||    14

Table legend: (Time is in decaauts)
 A = Elapsed time spent in this place.
 B = Non-inter-level travel time spent in this place.
 C = Inter-level travel time spent in this place.
 D = Time resting spent in this place.
 E = Time spent auto-exploring this place.
 F = Levels seen in this place.
 G = Mean time per level.
                   A        B        C        D        E       F      G
               +--------+--------+--------+--------+--------+-----+--------+
         Total |    667 |    656 |     11 |      0 |    525 |   2 |  333.5 |
       Dungeon |    667 |    656 |     11 |      0 |    525 |   2 |  333.5 |
               +--------+--------+--------+--------+--------+-----+--------+

Top non-repeatable levels by time:
     D:1: 522 daAuts
     D:2: 145 daAuts
